AoeStats
← linck92

Four Lakes

510075582Analyzed
1v1 RM · 2d ago on Sep 29, 2026· 40m 15s· 2 players
Game mode
Random Map
Map size
Tiny (2 player)
Population
200
Speed
Normal
Resources
Standard
Victory
Conquest
Starting age
Dark Age
Ending age
Imperial Age
RankedLock teamsTeams togetherTeam positionsShared explorationLock speedFull tech treeHidden civsTurbo modeCheats
Victory
Defeat
🇲🇽 Mongols · Mexico
946
+16
🇵🇱 Celts · Poland
948
-16
linck92
0:27 Loom
11:41 Feudal Age
12:27 Double-Bit Axe
12:41 Gold Mining
14:38 Wheelbarrow
13:51 Fishing Lines
22:32 Castle Age
20:33 Fletching
20:43 Padded Archer Armor
20:49 Stone Mining
24:20 Gold Shaft Mining
23:59 Bow Saw
24:07 Hand Cart
26:29 Ballistics
27:14 Thumb Ring
27:07 Bodkin Arrow
27:29 Leather Archer Armor
27:56 Gillnets
32:34 Husbandry
32:57 Bloodlines
33:21 Scale Barding Armor
33:28 Forging
37:07 Imperial Age
36:05 Chain Barding Armor
36:21 Iron Casting
38:14 Conscription
39:02 Blast Furnace
39:20 Bracer
38:45 Cavalier
malolepszy.adrian
12:40 Feudal Age
13:58 Wheelbarrow
13:12 Double-Bit Axe
13:19 Gold Mining
13:21 Fishing Lines
17:26 Man-at-Arms
21:43 Castle Age
19:38 Fletching
19:59 Forging
21:02 Stone Mining
22:46 Hand Cart
22:42 Bow Saw
23:04 Padded Archer Armor
24:24 Gold Shaft Mining
26:23 Stone Shaft Mining
26:20 Town Watch
27:02 Gillnets
29:47 Elite Skirmisher
30:26 Bodkin Arrow
30:47 Leather Archer Armor
29:58 Pikeman
32:55 Scale Mail Armor
Connection lost

Rejoining the realm…

Still unreachable

The connection could not be restored.

Session expired

The server has moved on; the page needs a fresh start.